 Dungeon Crawl Stone Soup version 0.30-a0-702-gdf48620a09 (webtiles) character file.

Game seed: 6636678003481641404

166 OTABOTABOTAB the Shooter (level 5, -1/27 HPs)
             Began as a Spriggan Hunter on Jan 22, 2023.
             Slain by an ice beast (13 damage)
             ... on level 3 of the Dungeon.
             The game lasted 00:04:07 (1947 turns).

OTABOTABOTAB the Shooter (Spriggan Hunter)          Turns: 1947, Time: 00:04:07

Health: -1/27      AC:  2    Str:  7    XL:     5   Next: 22%
Magic:  6/6        EV: 19    Int: 11    God:
Gold:   178        SH:  0    Dex: 20    Spells: 4/4 levels left

rFire   . . .      SeeInvis +    a - +0 shortbow
rCold   . . .      Faith    .    (shield currently unavailable)
rNeg    . . .      Spirit   .    c - +0 robe
rPois   .          Reflect  .    (helmet restricted)
rElec   .          Harm     .    (no cloak)
rCorr   .          Rampage  .    (gloves unavailable)
Will    .....                    (boots unavailable)
Stlth   +++                      (no amulet)
HPRegen 0.24/turn                (no ring)
MPRegen 0.10/turn                (no ring)

@: very quick
A: very small, no large weapons, unfitting armour, see invisible, speed 3
a: no special abilities


You were on level 3 of the Dungeon.
You visited 1 branch of the dungeon, and saw 3 of its levels.

You collected 178 gold pieces.

Inventory:

Hand Weapons
 a - a +0 shortbow (weapon)
 n - a +0 hand crossbow
   (You found it on level 3 of the Dungeon)
Missiles
 b - 10 poisoned darts
 l - 3 atropa-tipped darts
 s - 19 stones
Armour
 c - a +0 robe (worn)
Wands
 d - a wand of digging (2)
   (You took it off Robin on level 2 of the Dungeon)
Scrolls
 K - a scroll of immolation {!r}
 Y - a scroll of teleportation {@r3}
Potions
 e - a potion of magic {unknown}
 g - a potion of cancellation
 B - 2 potions of brilliance
 L - a potion of flight
 N - a potion of heal wounds {@q2}


   Skills:
 + Level 2.4 Fighting
 * Level 5.1 Ranged Weapons
 + Level 4.0 Dodging
 + Level 3.8 Stealth


You had 4 spell levels left.
You didn't know any spells.
Your spell library contained the following spells:

 Spells                   Type           Power      Damage    Failure   Level
 Necrotise                Necr           0%         1d4       34%         1
 Shock                    Conj/Air       0%         1d3       34%         1
 Stone Arrow              Conj/Erth      0%         3d7       71%         3
 Swiftness                Air            0%         N/A       71%         3
 Vampiric Draining        Necr           0%         2d6       71%         3
 Airstrike                Air            0%         2d(0-16)  98%         4
 Animate Armour           Summ/Erth      0%         N/A       98%         4
 Agony                    Necr           0%         N/A       100%        5
 Yara's Violent Unravell  Hex/Tmut       0%         3d3       100%        5
 Enfeeble                 Hex            0%         N/A       100%        7
 Lehudib's Crystal Spear  Conj/Erth      0%         10d2      100%        8


Dungeon Overview and Level Annotations

Branches:
Dungeon (3/15)

Altars:
Kikubaaqudgha

Shops:
D:1 [   D:2 [


Innate Abilities, Weirdness & Mutations

You are very small and have problems with some larger weapons.
You are too small for most types of armour.
You have supernaturally acute eyesight. (SInv)
You cover ground extremely quickly. (Speed+++)


Message History

You shoot an arrow. The arrow hits the hobgoblin.
You shoot an arrow. The arrow closely misses the hobgoblin.
The hobgoblin hits you but does no damage.
Unknown command.
You shoot an arrow. The arrow closely misses the hobgoblin.
The hobgoblin hits you.
You take 4 damage, and have 22/27 hp.
You shoot an arrow.
The arrow hits the hobgoblin but does no damage.
The hobgoblin hits you but does no damage.
You shoot an arrow. The arrow closely misses the hobgoblin.
The hobgoblin completely misses you. The hobgoblin misses you.
You shoot an arrow. The arrow barely misses the hobgoblin.
You hear an angry hiss.
The hobgoblin barely misses you.
You shoot an arrow. The arrow barely misses the hobgoblin.
An adder comes into view.
The hobgoblin hits you but does no damage.
You shoot an arrow. The arrow barely misses the hobgoblin.
The arrow barely misses the adder.
The hobgoblin completely misses you.
You shoot an arrow. The arrow barely misses the hobgoblin.
The arrow barely misses the adder.
The hobgoblin closely misses you. The hobgoblin completely misses you.
Unknown command.
You shoot an arrow. The arrow hits the hobgoblin.
You kill the hobgoblin!
The adder bites you but does no damage. The adder closely misses you.
You shoot an arrow. The arrow hits the adder!
The adder closely misses you. x2
You shoot an arrow.
The arrow hits the adder but does no damage.
The adder bites you.
You take 2 damage, and have 23/27 hp.
You shoot an arrow. The arrow barely misses the adder.
The adder misses you. The adder barely misses you.
You shoot an arrow. The arrow hits the adder.
You kill the adder!
Your Dodging skill increases to level 4!
Unknown command.
No target in view!
No target in view!
A worm comes into view.
You see here a hobgoblin corpse.
Health restored: 27 You shoot an arrow.
The arrow hits the worm.
You shoot an arrow. The arrow hits the worm!
You shoot an arrow. The arrow hits the worm.
You shoot an arrow. The arrow barely misses the worm.
You shoot an arrow. The arrow barely misses the worm.
You shoot an arrow. The arrow barely misses the worm.
You shoot an arrow. The arrow hits the worm.
You shoot an arrow. The arrow hits the worm.
The worm barely misses you.
You shoot an arrow. The arrow hits the worm.
You shoot an arrow. The arrow completely misses the worm.
The worm misses you.
You shoot an arrow. The arrow barely misses the worm.
The worm closely misses you.
You shoot an arrow. The arrow hits the worm!
You kill the worm!
No target in view!
No target in view!
You now have 178 gold pieces (gained 3).
s - 19 stones (gained 6)
A hobgoblin comes into view.
You shoot an arrow. The arrow hits the hobgoblin.
The hobgoblin shouts!
You shoot an arrow. The arrow hits the hobgoblin.
You kill the hobgoblin!
No target in view!
No target in view!
You open the door.
There is an open door here.
A worm comes into view.
You shoot an arrow. The arrow hits the worm!
You shoot an arrow. The arrow hits the worm!
You shoot an arrow. The arrow hits the worm!
You kill the worm!
No target in view!
No target in view!
h - a scroll of identify {@r1}
As you read the scroll of identify {@r1}, it crumbles to dust.
f - 2 potions of brilliance;
B - 2 potions of brilliance A kobold comes into view.
It is wielding a +0 short sword.
You shoot an arrow. The arrow hits the kobold!
You kill the kobold!
No target in view!
No target in view!
Things that are here:
a +0 short sword; a kobold corpse
Found a stone staircase leading down.
There is a stone staircase leading down here.
An ice beast is nearby!
You shoot an arrow. The arrow barely misses the ice beast.
You shoot an arrow. The arrow barely misses the ice beast.
You shoot an arrow.
The arrow hits the ice beast but does no damage.
The ice beast hits you. The ice beast freezes you!
You take 10 damage, and have 17/27 hp.
MASSIVE DAMAGE!!
You shoot an arrow. The arrow hits the ice beast.
The ice beast hits you. The ice beast freezes you!
You die...

***********###
*,,,,,,,,,,.$#
*,,,*******#.#
*,*,** #.#
*,,,,**
#Y######
****,,_,,****
#@....>#
*,,,,,,,,,,,*
######.#
*,**,******,*
#.# #####,*
*,* #.#
..[_#,* *,*
#.# ..).#.#
*,* ##.#
....#.# *,*
#..# ....#.#
*,* #.##
....#.# *,*
###*#.##


You could see an ice beast.

Vanquished Creatures
  A howler monkey (D:3)
  Robin (D:2)
  3 gnolls (D:2)
  3 adders
  2 worms (D:3)
  A dart slug (D:1)
  6 ball pythons
  5 bats
  2 endoplasms
  7 hobgoblins
  3 jackals (D:1)
  A quokka (D:3)
  A frilled lizard (D:2)
  10 goblins
  4 kobolds
  6 rats
56 creatures vanquished.

Notes
Turn   | Place    | Note
-------+----------+-------------------------------------------
     0 | D:1      | OTABOTABOTAB the Spriggan Hunter began the quest for the
                  | Orb.
     0 | D:1      | Reached XP level 1. HP: 10/10 MP: 2/2
    87 | D:1      | Found Qusuhehor's Antique Armour Shoppe.
   371 | D:1      | Reached skill level 2 in Stealth
   372 | D:1      | Reached XP level 2. HP: 15/15 MP: 3/3
   431 | D:1      | Reached skill level 3 in Dodging
   842 | D:2      | Noticed Robin
   864 | D:2      | Reached XP level 3. HP: 16/18 MP: 4/4
   877 | D:2      | Reached skill level 2 in Fighting
   925 | D:2      | Killed Robin
   967 | D:2      | Found Ostiefoa's Armour Shoppe.
  1073 | D:2      | Found an ancient bone altar of Kikubaaqudgha.
  1108 | D:2      | Reached skill level 3 in Stealth
  1113 | D:2      | Reached XP level 4. HP: 23/23 MP: 5/5
  1274 | D:3      | Noticed an ice beast
  1440 | D:3      | Reached skill level 5 in Ranged Weapons
  1594 | D:3      | Found a faded altar of an unknown god.
  1775 | D:3      | Reached XP level 5. HP: 27/27 MP: 6/6
  1854 | D:3      | Reached skill level 4 in Dodging
  1947 | D:3      | Slain by an ice beast

Illustrated notes

Levels and vault maps discovered:
D:1:      dpeg_arrival_round_c, layout_basic, serial_shops,
          nicolae_shop_waterfront, hangedman_decor_slide_cut
D:2:      layout_rooms, serial_shops, nicolae_shop_crystal, basic_altar,
          uniq_robin
D:3:      layout_loops_ring, cheibriados_altar_1,
          shapermc_ecumenical_altar_pompeii, kennysheep_potato

Skill      XL: |  1  2  3  4  5 |
---------------+----------------+-----
Stealth        | 2 3 |  3.8
Dodging        | 3 4 |  4.0
Fighting       | 2 |  2.4
Ranged Weapons | 5 |  5.1

Action                   |  1- 3 |  4- 6 || total
-------------------------+-------+-------++-------
 Fire: Shortbow          |    87 |    92 ||   179
  Use: Scroll            |     1 |     8 ||     9
Armor: Robe              |     4 |     4 ||     8
Dodge: Dodged            |    24 |    31 ||    55

Table legend: (Time is in decaauts)
 A = Elapsed time spent in this place.
 B = Non-inter-level travel time spent in this place.
 C = Inter-level travel time spent in this place.
 D = Time resting spent in this place.
 E = Time spent auto-exploring this place.
 F = Levels seen in this place.
 G = Mean time per level.
                   A        B        C        D        E       F      G
               +--------+--------+--------+--------+--------+-----+--------+
         Total |   1346 |   1305 |     41 |     47 |    897 |   3 |  448.7 |
       Dungeon |   1346 |   1305 |     41 |     47 |    897 |   3 |  448.7 |
               +--------+--------+--------+--------+--------+-----+--------+

Top non-repeatable levels by time:
     D:1: 517 daAuts
     D:3: 454 daAuts
     D:2: 374 daAuts

Table legend:
 A = Kills in this place as a percentage of kills in entire the game.
 B = Kills by you in this place as a percentage of kills by you in the entire game.
 C = Kills by friends in this place as a percentage of kills by friends in the entire game.
 D = Other kills in this place as a percentage of other kills in the entire game.
 E = Experience gained in this place as a percentage of experience gained in the entire game.
 F = Experience gained in this place divided by the number of levels of this place that you have seen.
                   A       B       C       D       E      F
               +-------+-------+-------+-------+-------+----------------------
         Total | 100.0 | 100.0 |   N/A |   N/A | 100.0 |  79.3
       Dungeon | 100.0 | 100.0 |   N/A |   N/A | 100.0 |  79.3
               +-------+-------+-------+-------+-------+----------------------
